 Dungeon Crawl Stone Soup version 0.31-a0-986-g5e6e4ef867 (webtiles) character file.

Game seed: 10220097615550333816

2286 2FriedEggs the Changeling (level 9, -21/92 HPs)
             Began as an Ogre Shapeshifter on Nov 6, 2023.
             Was an Initiate of Yredelemnul.
             Killed by an exploding orc wizard (30 damage)
             ... ignited by their inner flame
             ... on level 7 of the Dungeon.
             The game lasted 00:11:28 (6685 turns).

2FriedEggs the Changeling (Ogre Shapeshifter)       Turns: 6685, Time: 00:11:32

Health: -21/92     AC:  3    Str: 24    XL:     9   Next: 39%
Magic:  12/12      EV:  9    Int: 11    God:    Yredelemnul [......]
Gold:   317        SH:  0    Dex:  8    Spells: 8/8 levels left

rFire   . .          .
                       - Unarmed
rCold   . . .        (shield currently unavailable)
rNeg    . . .        a - +0 animal skin
rPois   .            (helmet restricted)
rElec   .            (no cloak)
rCorr   .            (gloves unavailable)
SInv    .            (boots unavailable)
Will    .....        (no amulet)
Stlth   +            (no ring)
HPRegen 0.35/turn    (no ring)
MPRegen 0.13/turn

%: no passive effects
@: flux-form, glowing
A: glow, contaminating, large, unfitting armour, tough skin 1
a: Begin Untransformation, Renounce Religion, Recall Undead Harvest


You were on level 7 of the Dungeon.
You worshipped Yredelemnul.
Yredelemnul was noncommittal.
You were something dangerously unstable.
You visited 1 branch of the dungeon, and saw 7 of its levels.

You collected 317 gold pieces.

Inventory:

Missiles
 e - 4 poisoned darts
Armour
 a - a +0 animal skin (worn)
 o - a scarf of harm
Talismans
 c - a beast talisman
 d - a flux talisman (active)
Wands
 k - a wand of polymorph (17)
 n - a wand of iceblast (3)
 p - a wand of paralysis (7)
 q - a wand of mindburst (6)
 u - a wand of flame (19)
Scrolls
 f - a scroll of acquirement
 g - 2 scrolls of enchant armour
 h - a scroll of enchant weapon
 t - 3 scrolls of fear
 y - a scroll of amnesia {unknown}
 z - a scroll of teleportation {unknown}
Potions
 b - 2 potions of lignification
 i - 3 potions of curing
 m - 3 potions of mutation {unknown}
 s - 3 potions of berserk rage {unknown}
 v - a potion of ambrosia {unknown}
 w - a potion of haste {unknown}


   Skills:
 + Level 6.7 Fighting
 - Level 1.7 Dodging
 * Level 7.2 Unarmed Combat
 + Level 4.2 Invocations
 * Level 7.4 Shapeshifting


You had 8 spell levels left.
You didn't know any spells.
Your spell library contained the following spells:

 Spells                   Type           Power      Damage    Failure   Level
 Ensorcelled Hibernation  Hex/Ice        0%         N/A       47%         2
 Jinxbite                 Hex            0%         N/A       47%         2
 Static Discharge         Conj/Air       0%         3-3/arc   47%         2
 Frozen Ramparts          Ice            0%         1d1       71%         3
 Hailstorm                Conj/Ice       0%         3d3       71%         3
 Anguish                  Hex/Necr       0%         N/A       98%         4
 Petrify                  Tmut/Erth      0%         N/A       98%         4
 Summon Ice Beast         Ice/Summ       0%         N/A       98%         4
 Vhi's Electric Charge    Tloc/Air       0%         N/A       98%         4
 Metabolic Englaciation   Hex/Ice        0%         N/A       100%        5
 Dispersal                Tloc           0%         N/A       100%        6
 Disjunction              Tloc           0%         N/A       100%        8
 Simulacrum               Ice/Necr       Unusable   N/A       N/A         6

Dungeon Overview and Level Annotations

Branches:
Dungeon (7/15)             Temple (0/1) D:7

Altars:
Cheibriados
Dithmenos
Hepliaklqana
Sif Muna
Trog
Xom
Yredelemnul

Shops:
D:4 *   D:6 ([*(

Annotations:
D:1 1 runed translucent door
D:7 Menkaure


Innate Abilities, Weirdness & Mutations

You are something dangerously unstable.
You glow with magical radiation, making you easy to see and hit.
Foes you strike become dangerously contaminated with magical radiation.
You are incapable of wielding weapons or throwing items.
You are too large for most types of armour.
You have tough skin. (AC +1)


Message History

Your orc zombie completely misses the orc.
The orc hits your orc zombie with a +0 flail!
Something hits you.
* * * LOW HITPOINT WARNING * * *
The orc hits your orc zombie with a +0 flail!
Your orc zombie is destroyed!
The air fills with toxic fumes!
As you read the scroll labelled RUR FITZAIKOFU, it crumbles to dust.
It was a scroll of poison.
Something hits you.
* * * LOW HITPOINT WARNING * * *
As you read the scroll labelled CUPANT LAGGEKH, it crumbles to dust.
It is a scroll of brand weapon.
You aren't carrying any weapons that can be branded.
Something hits you.
* * * LOW HITPOINT WARNING * * *
Menkaure sighs, "It doesn't hurt if you pull your brain out of your nose yourself."
Menkaure calls on the powers of darkness!
Something is bathed in an unholy light!
Your body is wracked with pain!
* * * LOW HITPOINT WARNING * * *
Okay, then.
This is a scroll of acquirement!
Something appears at your feet! Something hits you.
* * * LOW HITPOINT WARNING * * *
Menkaure gestures wildly while chanting.
Menkaure seems to speed up.
It was a potion of curing.
You feel better. Something hits you.
* * * LOW HITPOINT WARNING * * *
As you read the scroll labelled UMA KIWNEEDUKOL, it crumbles to dust.
The creatures around you are filled with an inner flame!
It was a scroll of immolation.
Menkaure calls on the powers of darkness!
Something is bathed in an unholy light!
Flame seeps out of something.
Your body is wracked with pain!
* * * LOW HITPOINT WARNING * * *
Reactivating autopickup.
You feel a bit more experienced.
A black mist starts to gather...
The orc wizard explodes!
The fiery explosion engulfs you!!
You die...
Your body rises from the dead as a mindless zombie.

#.....#.....................
#.....#§§§§...§§§§§.........
#.....#§§§§...§§§§§.#.......
#.....#§§§§..§§§§§§.#.....##
#######§§§§##§§§§§§###....##
#§§§§##§§§§§§.......#.
#§§§Z§§§§§§#.....#....
#§§§§§§§§###..>..###..
#§§§○p§§§§§#.....#....
#§M§#####§§§§.......## #§..#
...§###...... §.§... ....
#....... .§§§..... ..#
.#....... ..§§......
.......... ..§.....###
.......... ...######
.......##' ####+###..


You could see Menkaure (fast, inner flame, ally target) and a friendly spectral
orc wizard.

Vanquished Creatures
  Prince Ribbit (D:5)
  Grinder (D:5)
  A wyvern (D:7)
  Eustachio (D:5)
  Edmund (D:4)
  3 black bears
  An ogre (D:7)
  2 phantoms (D:5)
  Blork the orc (D:4)
  A bullfrog (D:7)
  2 wights (D:7)
  2 hounds
  2 sleepcaps
  Jessica (D:3)
  2 iguanas
  6 orc wizards
  6 adders
  A river rat (D:3)
  A white imp (D:6)
  A worm (D:5)
  2 dart slugs (D:5)
  21 orcs
  7 ball pythons
  7 endoplasms
  3 giant cockroaches
  7 goblins
  5 hobgoblins
  3 jackals (D:1)
  5 kobolds (D:1)
  2 quokkas
  7 bats
  6 frilled lizards
  8 rats (D:1)
120 creatures vanquished.

Vanquished Creatures (collateral kills)
  2 black bears
  A scorpion (D:6)
  A hound (D:6)
  An adder (D:5)
  A shadow imp (D:6)
  2 ufetubi (D:6)
  2 orcs (D:6)
10 creatures vanquished.

Vanquished Creatures (others)
  An orc wizard (D:3)
  6 orc zombies
7 creatures vanquished.

Grand Total: 137 creatures vanquished

Notes
Turn   | Place    | Note
-------+----------+-------------------------------------------
     0 | D:1      | 2FriedEggs the Ogre Shapeshifter began the quest for the
                  | Orb.
     0 | D:1      | Reached XP level 1. HP: 19/19 MP: 1/1
    11 | D:1      | Found a runed translucent door.
   146 | D:1      | Reached XP level 2. HP: 27/28 MP: 2/2
   399 | D:1      | Found a faded altar of an unknown god.
   471 | D:1      | Reached XP level 3. HP: 31/35 MP: 3/3
  1354 | D:2      | Reached XP level 4. HP: 44/44 MP: 4/4
  1886 | D:3      | Noticed Jessica
  1893 | D:3      | Killed Jessica
  1894 | D:3      | Reached XP level 5. HP: 52/52 MP: 5/5
  2353 | D:3      | Noticed Ijyb
  2358 | D:3      | Ijyb changed into Ijyb the river rat
  2358 | D:3      | Noticed Ijyb
  2367 | D:3      | Killed Ijyb the river rat
  2634 | D:4      | Found a hazy altar of Hepliaklqana.
  2641 | D:4      | Found a basalt altar of Yredelemnul.
  2644 | D:4      | Found a bloodstained altar of Trog.
  2644 | D:4      | Found a shimmering blue altar of Sif Muna.
  2651 | D:4      | Found a shadowy altar of Dithmenos.
  2677 | D:4      | Became a worshipper of Yredelemnul the Dark
  2722 | D:4      | Found Yxecante's General Store.
  2826 | D:4      | Noticed Blork the orc
  2840 | D:4      | Killed Blork the orc
  2841 | D:4      | Reached XP level 6. HP: 13/61 MP: 6/6
  3006 | D:4      | Noticed an ice beast
  3006 | D:4      | Noticed a black bear
  3044 | D:4      | Noticed Edmund
  3060 | D:4      | Killed Edmund
  3060 | D:4      | Reached * piety under Yredelemnul
  3677 | D:5      | Identified the "Keipnar"
  3677 | D:5      | Entered Level 5 of the Dungeon
  3678 | D:5      | Found a snail-covered altar of Cheibriados.
  3722 | D:5      | Reached skill level 5 in Shapeshifting
  3722 | D:5      | Reached XP level 7. HP: 50/70 MP: 7/7
  3912 | D:5      | Reached skill level 1 in Invocations
  4015 | D:5      | Noticed Grinder
  4019 | D:5      | Paralysed by Grinder for 5 turns
  4031 | D:5      | Killed Grinder
  4032 | D:5      | Reached skill level 5 in Unarmed Combat
  4174 | D:5      | Reached skill level 5 in Fighting
  4174 | D:5      | Reached XP level 8. HP: 71/80 MP: 9/9
  4211 | D:5      | Reached ** piety under Yredelemnul
  4474 | D:5      | Noticed Prince Ribbit
  4478 | D:5      | Noticed Eustachio
  4481 | D:5      | Killed Prince Ribbit
  4504 | D:5      | Killed Eustachio
  5059 | D:6      | Found Vammused's Weapon Emporium.
  5385 | D:6      | Found a shimmering altar of Xom.
  5413 | D:6      | Reached XP level 9. HP: 88/89 MP: 11/11
  5420 | D:6      | Found Obudoocui's Assorted Antiques.
  5420 | D:6      | Found Dengaann's Armour Emporium.
  5433 | D:6      | Found Eneh's Antique Weapon Emporium.
  6164 | D:7      | Found a staircase to the Ecumenical Temple.
  6675 | D:7      | Noticed Menkaure
  6683 | D:7      | Identified 2 scrolls of acquirement
  6683 | D:7      | Acquired the scarf of Qoamublu {repulsion, Fly rF+}
  6685 | D:7      | Killed by an exploding orc wizard... ignited by their inner
                  | flame

Illustrated notes

Levels and vault maps discovered:
D:1:      dpeg_arrival_caged_fury, layout_basic, shapermc_ecumenical_altar_gd,
          minmay_rat_gold_closets
D:2:      layout_loops_corners
D:3:      layout_basic, nicolae_figureground_pulse, uniq_ijyb, uniq_jessica
D:4:      layout_basic, nicolae_overflow_hallway_of_the_gods, serial_shops,
          shop, lightli_corner_chamber, uniq_edmund, uniq_blork_the_orc
D:5:      layout_loops_ring, slow_altar_1, uniq_grinder, uniq_eustachio,
          uniq_prince_ribbit1
D:6:      layout_rooms, brannock_xom_greatest_gift, serial_shops,
          kennysheep_little_box, nicolae_shop_distant_corner_stores
D:7:      dreamdust_elfheim, layout_gridville, minmay_temple_entry_tees,
          uniq_menkaure

Skill      XL: |  1  2  3  4  5  6  7  8  9 |
---------------+----------------------------+-----
Unarmed Combat | 3 4 5 6 7 |  7.2
Fighting       | 2 3 4 5 6 |  6.7
Shapeshifting  | 4 5 6 7 |  7.4
Invocations    | 2 3 4 |  4.2
Dodging        | |  1.7

Action                     |  1- 3 |  4- 6 |  7- 9 || total
---------------------------+-------+-------+-------++-------
  Melee: Unarmed           |    85 |   134 |   170 ||   389
         Punch             |     4 |     2 |     3 ||     9
 Invoke: Dark Bargain      |       |       |     2 ||     2
  Evoke: Wand              |       |     6 |     3 ||     9
    Use: Scroll            |       |       |     8 ||     8
         Potion            |       |       |     1 ||     1
   Stab: Sleeping          |     1 |       |       ||     1
         Distracted        |       |       |     2 ||     2
 Armour: Animal skin       |    56 |    79 |   168 ||   303
         Skin              |       |       |    11 ||    11
  Dodge: Dodged            |    39 |    47 |    71 ||   157
   Form: Flux              |     1 |       |     1 ||     2
         Beast             |     1 |       |       ||     1

Table legend: (Time is in decaauts)
 A = Elapsed time spent in this place.
 B = Non-inter-level travel time spent in this place.
 C = Inter-level travel time spent in this place.
 D = Time resting spent in this place.
 E = Time spent auto-exploring this place.
 F = Levels seen in this place.
 G = Mean time per level.
                   A        B        C        D        E       F      G
               +--------+--------+--------+--------+--------+-----+--------+
         Total |   6652 |   6301 |    351 |   1182 |   4089 |   7 |  950.3 |
       Dungeon |   6652 |   6301 |    351 |   1182 |   4089 |   7 |  950.3 |
               +--------+--------+--------+--------+--------+-----+--------+

Top non-repeatable levels by time:
     D:5: 1408 daAuts
     D:6: 1058 daAuts
     D:4: 1048 daAuts
     D:1: 912 daAuts
     D:3: 894 daAuts
     D:2: 806 daAuts
     D:7: 523 daAuts
